 Dungeon Crawl Stone Soup version 0.18-b1-23-gf76aad1 (webtiles) character file.

41 zarick13 the Vexing (level 3, -1/14 HPs)
             Began as a Felid Enchanter on May 5, 2016.
             Slain by Sigmund
             ... wielding a +0 scythe
              (8 damage)
             ... on level 2 of the Dungeon.
             The game lasted 00:04:28 (1681 turns).

zarick13 the Vexing (Felid Enchanter)               Turns: 1681, Time: 00:04:28

Health: -1/14      AC:  1    Str:  4    XL:     3   Next: 32%
Magic:  3/7        EV: 18    Int: 17    God:
Gold:   81         SH:  0    Dex: 16    Spells: 2 memorised, 3 levels left
                                        Lives:  0   Deaths: 0

rFire  . . .     SeeInvis +       - Unarmed
rCold  . . .     Gourm    .     (armour unavailable)
rNeg   . . .     Faith    .     (shield unavailable)
rPois  .         Spirit   .     (helmet unavailable)
rElec  .         Dismiss  .     (cloak unavailable)
rCorr  .         Reflect  +     (gloves unavailable)
SustAt .         Harm     .     (boots unavailable)
MR     .....                    d - +5 amulet of reflection
Stlth  ++........               (no ring)
                                (no ring)

@: confused, quick, not resistant to hostile enchantments, unstealthy
A: no armour, no weapons or thrown items, claws 1, fangs 3, see invisible,
carnivore 3, speed 1, shaggy fur 1, slow metabolism 1, sharp paws
a: no special abilities


You were on level 2 of the Dungeon.
You were completely stuffed.

You visited 1 branch of the dungeon, and saw 2 of its levels.

You collected 81 gold pieces.


Innate Abilities, Weirdness & Mutations

You cannot wear armour.
You are incapable of wielding weapons or throwing items.
You have sharp claws.
You have razor-sharp teeth.
You have supernaturally acute eyesight.
You are carnivorous and can eat meat at any time.
You cover ground quickly.
You are covered in fur (AC +1).
You have a slow metabolism.
Your sharp claws are effective at attacking unaware monsters.


   Skills:
 - Level 2.6 Dodging
 + Level 4.4 Stealth
 - Level 3.0 Unarmed Combat
 - Level 2.0 Spellcasting
 - Level 4.4 Hexes


You had 3 spell levels left.
You knew the following spells:

 Your Spells              Type           Power        Failure   Level  Hunger
a - Corona                Hex            ###....      3%          1    #......
b - Ensorcelled Hibernat  Hex/Ice        #.....       14%         2    ###....

Inventory:

Jewellery
 d - a +5 amulet of reflection (around neck)
Scrolls
 e - 2 scrolls of remove curse
 g - a scroll of identify {@r1}
 h - 2 scrolls of fear
 l - a scroll of amnesia {unknown}
Potions
 c - a potion of lignification {!q}
 f - a potion of heal wounds {@q2}
 i - a potion of curing {unknown}
Books
 a - a book of Maledictions

   Spells                             Type                      Level
   a - Corona                         Hexes                        1
   b - Ensorcelled Hibernation        Hexes/Ice                    2
   c - Confuse                        Hexes                        3
   d - Tukima's Dance                 Hexes                        3
   e - Dazzling Spray                 Conjuration/Hexes            3
Miscellaneous
 k - a plain deck of destruction
Comestibles
 b - a meat ration
 j - 3 chunks of flesh

Dungeon Overview and Level Annotations

Branches:
Dungeon (2/15)

Altars:
Ashenzari
Cheibriados
Nemelex Xobeh

Annotations:
D:2 Sigmund

....... ..... .....
#...# #...# ... ..
#@# 8.... #.# ....
####@#### 8...
#.......# ### #_#
#.......# ##.######
#.......# ##.....#.#
#>......# ##........#
#./.....###....)....#
#.........'.........'
#.......###.........#
#......## ##.......##


You could see Sigmund.


Message History

You open the door.
Found a hunting sling.
There is an open door here.
You see here a hunting sling.
Found a scroll labeled ZIGRYIM NOAGATH.
l - a scroll labeled ZIGRYIM NOAGATH
Found a runed silver wand.
Found a stone staircase leading down.
Sigmund the Dreaded comes into view.
He is wielding a scythe.
You see here a runed silver wand.
There is a stone staircase leading down here.
Sigmund shouts!
Sigmund barely misses you. Sigmund hits you with a scythe!
Ouch! That really hurt!
* * * LOW HITPOINT WARNING * * *
Aiming: Ensorcelled Hibernation
Aim: Sigmund, wielding a scythe and wearing a robe (chance to defeat MR: 50%) Sigmund resists with some effort.
Aiming: Ensorcelled Hibernation
Aim: Sigmund, wielding a scythe and wearing a robe (chance to defeat MR: 50%) Sigmund resists with some effort.
Sigmund casts a spell at you.
You are confused.
Drink which item? (? for menu, Esc to quit)
Okay, then.
You're too confused to cast spells.
Sigmund hits you from afar with a scythe!
Ouch! That really hurt!
You die...

Action                   || total
-------------------------++-------
Melee: Unarmed           ||    60
       Bite              ||     4
 Cast: Ensorcelled Hiber ||     7
  Use: Scroll            ||     5
 Stab: Sleeping          ||    17
       Distracted        ||     2
  Eat: Chunk             ||     9
Armor: Skin              ||     1
Dodge: Dodged            ||    33
Block: Other             ||     7
       Reflection        ||     1

Vault maps used:
D:1:      co_arrival_random_square_maze, serial_bayou_pond_e
D:2:      lemuel_round_altar, nicolae_overflow_hidden_temple, nemelex_deck,
          kennysheep_generic_room_7, uniq_sigmund

Notes
Turn   | Place    | Note
--------------------------------------------------------------
     0 | D:1      | zarick13 the Felid Enchanter began the quest for the Orb.
     0 | D:1      | Reached XP level 1. HP: 7/7 MP: 4/4
   227 | D:1      | Reached skill level 2 in Unarmed Combat
   273 | D:1      | Reached XP level 2. HP: 11/11 MP: 6/6
   285 | D:1      | Learned a level 2 spell: Ensorcelled Hibernation
  1124 | D:2      | Reached skill level 3 in Unarmed Combat
  1124 | D:2      | Reached XP level 3. HP: 10/14 MP: 0/7
  1509 | D:2      | Found a shattered altar of Ashenzari.
  1608 | D:2      | Found a sparkling altar of Nemelex Xobeh.
  1609 | D:2      | Found a snail-covered altar of Cheibriados.
  1672 | D:2      | Noticed Sigmund
  1681 | D:2      | Slain by Sigmund

Vanquished Creatures
  A worm (D:2)
  A giant gecko (D:2)
  4 giant cockroaches
  3 goblins (D:2)
  3 hobgoblins (D:1)
  3 jackals (D:1)
  7 kobolds
  A ball python (D:1)
  4 bats (D:1)
  5 rats
32 creatures vanquished.
